 Dungeon Crawl Stone Soup version 0.31-a0-358-gac0dbeb3ab (webtiles) character file.

Game seed: 6163168881758664542

106 freelancePsychic the Slasher (level 4, -2/21 (29) HPs)
             Began as a Deep Elf Fighter on July 25, 2023.
             Was a Believer of Elyvilon.
             Succumbed to Robin's poison
             ... on level 2 of the Dungeon.
             The game lasted 00:03:00 (1455 turns).

freelancePsychic the Slasher (Deep Elf Fighter)     Turns: 1455, Time: 00:03:01

HP:   -2/21 (29)    AC:  7    Str: 13    XL:     4   Next: 55%
MP:   7/7           EV:  8    Int: 13    God:    Elyvilon [**....]
Gold: 107           SH:  5    Dex: 16    Spells: 3/3 levels left

rFire   . . .        a - +0 long sword
rCold   . . .        c - +0 buckler
rNeg    . . .        b - +0 scale mail
rPois   .            i - +0 helmet
rElec   .            (no cloak)
rCorr   .            (no gloves)
SInv    .            (no boots)
Will    .....        (no amulet)
Stlth   +            (no ring)
HPRegen 0.23/turn    (no ring)
MPRegen 0.10/turn

%: no passive effects
@: lethally poisoned (-2 -> -19), very heavily drained
A: hooves 1, robust 1
a: Renounce Religion, Purification, Heal Other


You were on level 2 of the Dungeon.
You worshipped Elyvilon.
Elyvilon was pleased with you.
You visited 1 branch of the dungeon, and saw 3 of its levels.

You collected 107 gold pieces.

Inventory:

Hand Weapons
 a - a +0 long sword (weapon)
Armour
 b - a +0 scale mail (worn)
 c - a +0 buckler (worn)
 i - a +0 helmet (worn)
Scrolls
 h - a scroll of identify {unknown}
 j - a scroll of teleportation {@r4}
 k - a scroll of poison
Potions
 e - a potion of brilliance
 f - a potion of mutation


   Skills:
 + Level 2.9 Fighting
 * Level 3.1 Long Blades
 - Level 2.4 Armour
 + Level 2.4 Stealth
 - Level 2.4 Shields
 + Level 1.5 Invocations


You had 3 spell levels left.
You didn't know any spells.
Your spell library contained the following spells:

 Spells                   Type           Power      Damage    Failure   Level
 Frozen Ramparts          Ice            0%         1d1       99%         3
 Petrify                  Tmut/Erth      0%         N/A       100%        4
 Metabolic Englaciation   Hex/Ice        0%         N/A       100%        5


Dungeon Overview and Level Annotations

Branches:
Dungeon (3/15)

Altars:
Elyvilon

Shops:
D:1 (

Annotations:
D:2 Robin
D:3 Sigmund


Innate Abilities, Weirdness & Mutations

You have large cloven feet.
You are robust. (+10% HP)


Message History

A hobgoblin and a goblin come into view.
The hobgoblin shouts!
Sigmund gestures wildly while chanting.
Sigmund flickers and vanishes!
Deactivating autopickup; reactivate with Ctrl-A.
The goblin hits you with a +0 club.
The hobgoblin moves out of view.
The goblin moves out of view.
The goblin attacks as you move away! The goblin hits you with a +0 club.
The goblin attacks as you move away! The goblin hits you but does no damage.
There is a stone staircase leading up here.
The goblin hits you but does no damage. Robin throws the goblin at you!
You climb upwards.
Reactivating autopickup.
There is a stone staircase leading down here.
You slash the goblin!
You kill the goblin!
You see here a +0 club.
You start resting.
HP restored.
There is a stone staircase leading down here.
You climb downwards.
Level annotation: Robin, Sigmund The hobgoblin hits you but does no damage.
Robin hits you but does no damage.
You are poisoned.
Robin hits you with a +1 dagger of venom.
You are lethally poisoned!
The hobgoblin hits you with a +0 dagger.
There is a stone staircase leading up, spattered with blood here.
You feel very sick. Robin hits you but does no damage.
You are more poisoned.
The hobgoblin hits you but does no damage.
You climb upwards.
* * * LOW HITPOINT WARNING * * *
You feel extremely sick.
There is a stone staircase leading down here.
You hit Robin. You kick Robin.
Robin is moderately wounded.
You die...

.......####.#..........####.#.##.
.......####.#.####.....#......##.
########......# #.....#...#####.
#.##.######.#.....### ## #
#.##.....#.###.# #..#.####..###.#
#.###.#.#.........#
#.......#.#..######
######..)@g.## ####g### #.# ###


You could see Robin and a hobgoblin.

Vanquished Creatures
  An orc priest (D:3)
  An adder (D:3)
  A dart slug (D:1)
  9 orcs (D:3)
  5 endoplasms (D:1)
  3 giant cockroaches
  4 goblins
  6 hobgoblins
  8 kobolds
  3 quokkas
  2 ball pythons
  A bat (D:1)
  6 frilled lizards
  3 rats (D:1)
53 creatures vanquished.

Notes
Turn   | Place    | Note
-------+----------+-------------------------------------------
     0 | D:1      | freelancePsychic the Deep Elf Fighter began the quest for
                  | the Orb.
     0 | D:1      | Reached XP level 1. HP: 13/13 MP: 3/3
    33 | D:1      | Reached skill level 2 in Long Blades
    58 | D:1      | Reached XP level 2. HP: 12/18 MP: 4/4
   107 | D:1      | Reached skill level 1 in Stealth
   185 | D:1      | Found a faded altar of an unknown god.
   194 | D:1      | Prayed at the altar of an unknown god.
   194 | D:1      | Became a worshipper of Elyvilon the Healer
   194 | D:1      | Reached * piety under Elyvilon
   501 | D:1      | Found Giotump's Weapon Emporium.
   520 | D:1      | Reached XP level 3. HP: 19/22 MP: 5/5
   874 | D:2      | Reached ** piety under Elyvilon
  1049 | D:2      | You fall into a shaft and drop 1 floor!
  1091 | D:3      | Reached skill level 1 in Invocations
  1257 | D:3      | Reached XP level 4. HP: 25/26 MP: 3/6
  1276 | D:3      | Gained mutation: You are robust. (+10% HP) [potion of
                  | mutation]
  1276 | D:3      | Gained mutation: You have large cloven feet. [potion of
                  | mutation]
  1276 | D:3      | Elyvilon protects you from harm!
  1279 | D:3      | Reached skill level 3 in Long Blades
  1376 | D:3      | Identified the +1 robe of the Armoured One {+Blink}
  1376 | D:3      | Noticed Robin
  1387 | D:3      | Noticed Sigmund
  1455 | D:2      | Succumbed to Robin's poison

Illustrated notes

Levels and vault maps discovered:
D:1:      nzn_arrival_water_spiral, layout_basic, serial_shops, shop,
          hellmonk_ecumenical_altar_crossroads, serial_bayou_lagoon_a,
          st_stairs_7
D:2:      layout_basic
D:3:      layout_loops_ring, serial_aquarium, aquarium_bridge_square
          [aquarium_subvault_wall, aquarium_subvault_bridge,
          aquarium_subvault_bridge, aquarium_subvault_bridge],
          aquarium_bridge_square [aquarium_subvault_wall,
          aquarium_subvault_wall, aquarium_subvault_bridge,
          aquarium_subvault_window], aquarium_window_1, aquarium_window_corner,
          aquarium_window_fake, aquarium_view_2e, aquarium_view_2b,
          uniq_grinder, uniq_robin, uniq_sigmund

Skill      XL: |  1  2  3  4 |
---------------+-------------+-----
Long Blades    | 2 3 |  3.1
Stealth        | 1 2 |  2.4
Invocations    | 1 |  1.5
Fighting       | |  2.9
Armour         | |  2.4
Shields        | |  2.4

Action                     |  1- 3 |  4- 6 || total
---------------------------+-------+-------++-------
  Melee: Long sword        |   140 |    23 ||   163
         Kick              |       |     1 ||     1
 Invoke: Heal Other        |     1 |       ||     1
    Use: Scroll            |     3 |       ||     3
         Potion            |       |     4 ||     4
 Armour: Scale mail        |    59 |    11 ||    70
  Dodge: Dodged            |    52 |     6 ||    58
  Block: Buckler           |    34 |     8 ||    42

Table legend: (Time is in decaauts)
 A = Elapsed time spent in this place.
 B = Non-inter-level travel time spent in this place.
 C = Inter-level travel time spent in this place.
 D = Time resting spent in this place.
 E = Time spent auto-exploring this place.
 F = Levels seen in this place.
 G = Mean time per level.
                   A        B        C        D        E       F      G
               +--------+--------+--------+--------+--------+-----+--------+
         Total |   1518 |   1493 |     25 |     51 |    978 |   3 |  506.0 |
       Dungeon |   1518 |   1493 |     25 |     51 |    978 |   3 |  506.0 |
               +--------+--------+--------+--------+--------+-----+--------+

Top non-repeatable levels by time:
     D:1: 861 daAuts
     D:3: 369 daAuts
     D:2: 288 daAuts
